 Dungeon Crawl Stone Soup version 0.27-a0-249-g74f53ef629 (webtiles) character file.

Game seed: 12328103499771946194

114033 puppykicker the Cruncher (level 16, -2/99 HPs)
             Began as a Deep Elf Gladiator on Feb 4, 2021.
             Was the Champion of Kikubaaqudgha.
             Slain by a naga warrior
             ... wielding a +2 halberd of venom
              (28 damage)
             ... on level 1 of the Snake Pit.
             The game lasted 02:30:58 (34545 turns).

puppykicker the Cruncher (Deep Elf Gladiator)      Turns: 34545, Time: 02:30:58

Health: -2/99      AC: 21    Str:  9    XL:     16   Next: 15%
Magic:  32/35      EV: 18    Int: 26    God:    Kikubaaqudgha [******]
Gold:   322        SH:  0    Dex: 16    Spells: 6/41 levels left

rFire    + + .     SeeInvis .   a - +4 quarterstaff (distort) {!w}
rCold    + . .     Faith    .   (shield currently unavailable)
rNeg     + . .     Spirit   .   D - +3 salamander hide armour {Flames rF++ rC--}
rPois    +         Reflect  .   c - +1 helmet
rElec    +         Harm     .   q - +2 cloak {rCorr}
rCorr    +         Rampage  .   j - +2 pair of gloves "Maonicy" {rElec rF- Regen+ Int+8}
Will     +....                  f - +0 pair of boots
Stlth    +.........             m - amulet of magic regeneration
HPRegen  0.66/turn              x - +4 ring of protection
MPRegen  0.49/turn              I - ring "Cymeop" {rPois rF+ rC+++ rN+ Str-5}

@: lethally poisoned (-2 -> -3), constricted
A: no striking features
a: Renounce Religion, Receive Corpses, Torment, Brand Weapon With Pain, Receive
Necronomicon


You were on level 1 of the Snake Pit.
You worshipped Kikubaaqudgha.
Kikubaaqudgha was exalted by your worship.
You visited 5 branches of the dungeon, and saw 25 of its levels.
You also visited: Ice Cave.

You collected 2466 gold pieces.
You spent 2144 gold pieces at shops.

Inventory:

Hand Weapons
 a - a +4 quarterstaff of distortion (weapon) {!w}
Missiles
 d - 2 throwing nets (quivered)
 E - 6 curare-tipped darts
Armour
 c - a +1 helmet (worn)
 f - a +0 pair of boots (worn)
 g - the +1 robe of Chimes {rF+++ rC+ Str+4 Dex-5}
   (You found it on level 6 of the Dungeon)

   It affects your strength (+4).
   It affects your dexterity (-5).
   It renders you almost immune to fire.
   It protects you from cold.
 j - the +2 pair of gloves "Maonicy" (worn) {rElec rF- Regen+ Int+8}
   (You bought it in a shop on level 12 of the Dungeon)

   It affects your intelligence (+8).
   It makes you vulnerable to fire.
   It insulates you from electricity.
   It increases your rate of regeneration.
 q - a +2 cloak of preservation (worn)
 D - the +3 salamander hide armour (worn) {Flames rF++ rC--}
   (You found it in an ice cave)

   It greatly protects you from fire.
   It makes you very vulnerable to cold.
 V - +0 steam dragon scales
Jewellery
 m - an amulet of magic regeneration (around neck)
 x - a +4 ring of protection (left hand)
 I - the ring "Cymeop" (right hand) {rPois rF+ rC+++ rN+ Str-5}
   (You acquired it on level 10 of the Dungeon)

   [ring of positive energy]

   It affects your strength (-5).
   It protects you from fire.
   It renders you almost immune to cold.
   It protects you from poison.
   It protects you from negative energy.
 S - an uncursed ring of see invisible
 W - an uncursed ring of poison resistance {unknown}
Wands
 h - a wand of paralysis (4)
 w - a wand of mindburst (3)
Scrolls
 b - a scroll of holy word {!r}
 e - 4 scrolls of fear
 l - 2 scrolls of enchant armour
 n - 7 scrolls of amnesia
 s - 8 scrolls of remove curse
 t - 2 scrolls of teleportation
 B - 6 scrolls of blinking {!r}
 G - a scroll of enchant weapon
 T - 3 scrolls of summoning
Potions
 i - 3 potions of invisibility
 k - 4 potions of flight
 o - a potion of might
 p - 4 potions of mutation {!q}
 r - a potion of berserk rage {!q}
 v - a potion of resistance
 z - 3 potions of cancellation
 A - 6 potions of curing
 H - 6 potions of lignification {!q}
 J - 2 potions of haste
 O - 3 potions of magic
 Q - a potion of ambrosia
 R - 4 potions of brilliance
Miscellaneous
 F - a box of beasts
 N - a condenser vane
 X - a lightning rod (4/4)


   Skills:
 + Level 10.6 Fighting
 + Level 14.5 Staves
 - Level 2.0 Throwing
 + Level 8.9 Armour
 + Level 12.9 Dodging
 + Level 13.1 Spellcasting
 - Level 4.0 Conjurations
 - Level 3.0 Summonings
 - Level 13.0 Necromancy
 - Level 3.0 Translocations
 - Level 3.0 Transmutations
 - Level 3.0 Fire Magic
 - Level 3.0 Air Magic
 - Level 3.0 Poison Magic


You had 6 spell levels left.
You knew the following spells:

 Your Spells              Type           Power        Failure   Level
a - Magic Dart            Conj           100%         1%          1
b - Agony                 Necr           71%          1%          5
c - Call Imp              Summ           32%          1%          2
d - Death Channel         Necr           35%          3%          6
i - Ignite Poison         Fire/Tmut/Pois 48%          3%          3
p - Blink                 Tloc           N/A          1%          2
u - Dispel Undead         Necr           71%          1%          4
v - Vampiric Draining     Necr           35%          1%          3
w - Wereblood             Tmut           32%          1%          2
x - Mephitic Cloud        Conj/Pois/Air  34%          3%          3
Z - Animate Dead          Necr           35%          1%          4

Your spell library contained the following spells:

 Spells                   Type           Power        Failure   Level
 Beastly Appendage        Tmut           64%          1%          1
 Pain                     Necr           100%         1%          1
 Sting                    Tmut/Pois      100%         1%          1
 Corpse Rot               Necr/Air       N/A          1%          2
 Poisonous Vapours        Pois/Air       64%          1%          2
 Searing Ray              Conj           74%          1%          2
 Sublimation of Blood     Necr           35%          1%          2
 Excruciating Wounds      Necr           35%          1%          5
 Conjure Flame            Conj/Fire      52%          3%          3
 Gell's Gravitas          Tloc           16%          3%          3
 Spider Form              Tmut/Pois      16%          3%          3
 Freeze                   Ice            68%          4%          1
 Dazzling Flash           Conj/Hex       54%          5%          3
 Slow                     Hex            17%          6%          2
 Iskenderun's Mystic Bla  Conj/Tloc      35%          10%         4
 Olgreb's Toxic Radiance  Pois           32%          12%         4
 Confusing Touch          Hex            17%          13%         3
 Frozen Ramparts          Ice            34%          13%         3
 Ozocubu's Armour         Ice            17%          13%         3
 Fulminant Prism          Conj/Hex       13%          19%         4
 Hailstorm                Conj/Ice       27%          19%         4
 Ice Form                 Ice/Tmut       24%          22%         4
 Petrify                  Tmut/Erth      24%          22%         4
 Summon Ice Beast         Ice/Summ       24%          22%         4
 Blade Hands              Tmut           16%          34%         5
 Simulacrum               Ice/Necr       25%          41%         6
 Yara's Violent Unravell  Hex/Tmut       12%          54%         5
 Metabolic Englaciation   Hex/Ice        8%           75%         5
 Freezing Cloud           Conj/Ice/Air   14%          94%         6


Dungeon Overview and Level Annotations

Branches:
Dungeon (15/15)            Temple (1/1) D:7            Lair (6/6) D:9
 Shoals (0/4) Lair:4        Snake (1/4) Lair:4        Slime (0/5) Lair:5
    Orc (2/2) D:9             Elf (0/3) Orc:2        Vaults (0/5) D:14
  IceCv (visited)
 Depths: D:15

Altars:
Ashenzari
Cheibriados
Dithmenos
Elyvilon
Gozag
Kikubaaqudgha
Makhleb
Nemelex Xobeh
Qazlal
Sif Muna
Uskayaw
Vehumet
Wu Jian
Yredelemnul
Zin
The Shining One
Beogh

Shops:
D:8 *   D:12 [   Orc:2 [:[   Snake:1 [

Portals:
Trove: D:13 (give 6 scrolls of fear)

Annotations:
D:3 1 runed translucent door
Snake:1 Aizul
Abyss:1 Fannar; Kicvos's ghost, journeyman OpBe; Nessos; Rumoabbe's ghost, journeyman DEIE; Rupert; esran's ghost, journeyman TrFi


Message History

Unknown command.
You closely miss the naga warrior.
Aizul is engulfed in blazing flames.
Aizul hits you!!
* * * LOW HITPOINT WARNING * * *
You take 22 damage, and have 45/99 hp.
MASSIVE DAMAGE!!
Casting: Vampiric Draining (safe; 1% risk of failure)
Aiming: Vampiric Draining (safe; 1% risk of failure)
Press: ? - help, Shift-Dir - straight line, f - Aizul
Aim: Aizul (flame, lightly wounded)
You feel life coursing into your body.
Aizul is engulfed in blazing flames.
Aizul coils herself and waves her upper body at you.
The poison arrow hits you!!
You are poisoned.
You partially resist.
* * * LOW HITPOINT WARNING * * *
The naga warrior is engulfed in blazing flames.
The naga warrior hits you with a +2 halberd of venom!!
You die...
Kikubaaqudgha rasps: "You have failed me!
Welcome... death!"

#......###.....#...#
######<....##
##.>.....##
............#
##.......#
.........∩..#
##...##...
#######..)..# #...##
.. ##....# ##°.##
#....# ##...# ##...#
#°○°## #.... #S@○#
##...#.°N## .......#
.......## .......
..###.. .# ##. ##


You could see Aizul and a naga warrior.

Levels and vault maps discovered:
D:1:      amcnicky_arrival_single_pillar, layout_loops_corners, st_stairs_10,
          chequers_serial_rivers_micro_a
D:2:      layout_rooms, lemuel_doored_altar, old_standard_altar
D:3:      layout_rooms, ashenzari_altar_1, ebering_ghost_sewer_f,
          minmay_fractal_squares_gapless_5
D:4:      layout_rooms, overflow_temple_1_default, gammafunk_ghost_arena,
          uniq_natasha
D:5:      layout_cave_pools, serial_glass, glass_columns_a, glass_columns_a,
          uniq_pikel
D:6:      lemuel_upstairs_altar, layout_basic, nemelex_altar_shiori,
          zin_academy, nicolae_tso_swordbearing_angel, zaba_anthole
D:7:      layout_loops_corners, gammafunk_temple_overflow_statue,
          minmay_temple_entry_ruins, minmay_splitting_lines,
          amcnicky_mini_pool_small, amethyst_killhole, yredelemnul_altar_generic
D:8:      layout_basic, nzn_wu_jian_contemplation, dancing_weapons_uskayaw,
          serial_shops, shop
D:9:      layout_small_grid, nicolae_overflow_hidden_temple, dpeg_oklobed_lair,
          erik_orc_2, serial_rivers, chequers_serial_rivers_micro_a,
          chequers_serial_rivers_marsh, chequers_serial_rivers_large_b,
          chequers_serial_rivers_micro_a, chequers_serial_rivers_large_a,
          chequers_serial_rivers_micro_b, uniq_maggie
D:10:     layout_loops_cross
D:11:     layout_loops_ring
D:12:     layout_cave_pools, serial_shops, nicolae_shop_window_shopping,
          uniq_kirke
D:13:     layout_gridville, enter_trove_1, uniq_jorgrun, uniq_rupert
D:14:     minmay_the_grid_octo_triangle [minmay_the_grid_octo_clover_2,
          minmay_the_grid_octo_prize_ultimate_mussel_roller,
          minmay_the_grid_octo_horde], layout_basic,
          lightli_vaults_fourway_checkpoint, minivault_4, eino_jars
D:15:     grunt_enter_depths_magical_seal, layout_basic, gammafunk_ghost_crypt,
          minmay_misc_feat_alley, gauntlet_entry_generic
Temple:   compressed_dpeg_circular_temple
Lair:1:   layout_roguey, ebering_ghost_funeral_grove
Lair:2:   layout_layer_cave, basic_altar, minmay_lair_oklob_chamber,
          grunt_megastairs_2, uniq_fannar
Lair:3:   layout_cave_pods, serial_forest, infiniplex_forest_end_2,
          infiniplex_forest_clump_long, infiniplex_forest_straight_2,
          infiniplex_forest_straight_1, infiniplex_forest_clump_tiny,
          infiniplex_forest_straight_5, infiniplex_forest_straight_2
Lair:4:   layout_small_grid, elwin_shoals_entry_rocks,
          guppyfry_snake_entry_garden, basic_altar
Lair:5:   layout_big_grid, minmay_slime_entry_pillars, st_stairs_4
Lair:6:   hangedman_lair_in_review, layout_cellular_growth, wormcave,
          infiniplex_staircase_pool_2
Snake:1:  layout_layer_cave, serial_shops, shop, shop, shop,
          statue_in_the_mist_lemuel, lemuel_fruit_tree, uniq_aizul
Orc:1:    layout_diamond_mine, gammafunk_ghost_cemetery,
          portal_ice_cave_entry_imps, nicolae_orc_rockfall
Orc:2:    grunt_orc_tribal_feast, layout_diamond_mine, basic_altar, uniq_sonja,
          uniq_maurice, uniq_azrael, uniq_nessos

Notes
Turn   | Place    | Note
-------+----------+-------------------------------------------
     0 | D:1      | puppykicker the Deep Elf Gladiator began the quest for the
                  | Orb.
     0 | D:1      | Reached XP level 1. HP: 12/12 MP: 3/3
   186 | D:1      | Identified a ring of protection (You found it on level 1 of
                  | the Dungeon)
   299 | D:1      | Identified a +0 quarterstaff
   413 | D:1      | Identified a cursed -3 club
   420 | D:1      | Reached XP level 2. HP: 16/16 MP: 4/4
   564 | D:1      | Identified a +0 pair of gloves (You found it on level 1 of
                  | the Dungeon)
   619 | D:1      | Identified a +0 club
   620 | D:1      | Identified a +0 dagger
   624 | D:1      | Identified a +0 dagger
   625 | D:1      | Reached skill level 4 in Staves
   654 | D:1      | Reached XP level 3. HP: 12/20 MP: 5/5
   893 | D:1      | Identified a +1 antimagic spear
  1085 | D:1      | Identified an uncursed amulet of magic regeneration (You
                  | found it on level 1 of the Dungeon)
  1320 | D:2      | Found a snail-covered altar of Cheibriados.
  1320 | D:2      | Identified a +0 hunting sling
  1331 | D:2      | Identified 2 scrolls of identify
  1331 | D:2      | Identified a potion of might
  1332 | D:2      | Identified a scroll of blinking
  1366 | D:2      | Identified a +0 pair of boots (You found it on level 2 of
                  | the Dungeon)
  1468 | D:2      | Reached skill level 5 in Staves
  1468 | D:2      | Reached XP level 4. HP: 24/25 MP: 6/6
  1547 | D:2      | Identified a +0 short sword
  1597 | D:2      | Identified a +0 club
  1601 | D:2      | Identified a +0 club
  1637 | D:2      | Identified a +0 club
  1832 | D:2      | Identified a ring of strength (You found it on level 2 of
                  | the Dungeon)
  1833 | D:2      | Identified 2 scrolls of noise
  1835 | D:2      | Identified 2 scrolls of remove curse
  1848 | D:2      | Found a stormy altar of Qazlal.
  1866 | D:2      | Identified a +0 dagger
  1877 | D:2      | Reached XP level 5. HP: 29/29 MP: 7/7
  1879 | D:2      | Identified a potion of invisibility
  2068 | D:3      | Reached skill level 6 in Staves
  2333 | D:3      | Identified a ring of resist corrosion (You found it on
                  | level 3 of the Dungeon)
  2388 | D:3      | Identified a +0 dagger
  2388 | D:3      | Identified a +0 robe
  2388 | D:3      | Identified a +0 hand axe
  2388 | D:3      | Identified a +0 scale mail
  2389 | D:3      | Identified a +0 morningstar
  2398 | D:3      | Reached skill level 2 in Fighting
  2525 | D:3      | Identified a +0 club
  2555 | D:3      | Found a runed translucent door.
  2562 | D:3      | Noticed gressup's ghost (amateur NaAK)
  2582 | D:3      | Identified a +0 dagger
  2653 | D:3      | Identified a ring of protection from cold (You found it on
                  | level 3 of the Dungeon)
  2662 | D:3      | Found a broken altar of Ashenzari.
  2815 | D:3      | Identified a ring of intelligence (You found it on level 3
                  | of the Dungeon)
  2928 | D:3      | Found a runed translucent door.
  3021 | D:4      | Identified a +0 giant club
  3021 | D:4      | Noticed an ogre
  3052 | D:4      | Reached XP level 6. HP: 35/35 MP: 8/8
  3055 | D:4      | Identified a +0 dagger
  3055 | D:4      | Identified a +0 robe
  3061 | D:4      | Noticed Natasha
  3171 | D:4      | Identified a +0 dagger
  3171 | D:4      | Identified a +0 robe
  3195 | D:3      | Killed Natasha
  3196 | D:3      | Reached skill level 4 in Dodging
  3577 | D:4      | Identified a +0 club
  3663 | D:4      | Reached skill level 1 in Armour
  3694 | D:4      | Found a transporter.
  3694 | D:4      | Found a transporter.
  3695 | D:4      | Noticed Stevanos's ghost (amateur DECj)
  3940 | D:4      | Reached skill level 3 in Fighting
  3940 | D:4      | Reached XP level 7. HP: 41/41 MP: 9/9
  4174 | D:4      | Found a shimmering blue altar of Sif Muna.
  4411 | D:5      | Entered Level 5 of the Dungeon
  4414 | D:5      | Identified a +0 hand axe
  4415 | D:5      | Identified a +0 whip of electrocution
  4415 | D:5      | Identified a +0 robe
  4415 | D:5      | Noticed Pikel
  4440 | D:5      | Identified a +0 giant spiked club
  4440 | D:5      | Identified a +0 flail
  4535 | D:4      | Killed Pikel
  4536 | D:4      | Reached skill level 7 in Staves
  4536 | D:4      | Reached skill level 2 in Armour
  4536 | D:4      | Reached skill level 5 in Dodging
  4536 | D:4      | Reached XP level 8. HP: 38/48 MP: 10/10
  4607 | D:5      | Reached skill level 4 in Fighting
  4863 | D:5      | Got an iridescent dagger
  4864 | D:5      | Identified the +7 dagger of Udoaxzua {flame, Will+ Dex+4}
                  | (You found it on level 5 of the Dungeon)
  4945 | D:5      | Identified a potion of haste
  4983 | D:5      | Identified a +0 halberd
  4983 | D:5      | Identified a +0 club
  5348 | D:5      | Identified a +1 ring mail of cold resistance (You found it
                  | on level 5 of the Dungeon)
  5403 | D:5      | Identified 2 scrolls of teleportation
  5404 | D:5      | Identified 3 scrolls of amnesia
  5405 | D:5      | Identified 2 scrolls of enchant armour
  5430 | D:6      | Identified a +2 dagger of venom
  5430 | D:6      | Identified a +0 robe
  5430 | D:6      | Identified a +0 hand axe
  5430 | D:6      | Identified a +4 trident
  5579 | D:6      | Reached skill level 8 in Staves
  5680 | D:6      | Identified a +0 giant club
  5721 | D:6      | Reached skill level 3 in Armour
  5887 | D:6      | Reached skill level 6 in Dodging
  5899 | D:6      | Got a steaming robe
  5910 | D:6      | Identified the +1 robe of Chimes {rF+++ rC+ Str+4 Dex-5}
                  | (You found it on level 6 of the Dungeon)
  6011 | D:6      | Found a glowing silver altar of Zin.
  6072 | D:6      | Identified 2 potions of curing
  6096 | D:6      | Identified a +0 leather armour
  6124 | D:6      | Found a glowing golden altar of the Shining One.
  6211 | D:6      | Found a sparkling altar of Nemelex Xobeh.
  6276 | D:6      | Identified a +0 dagger
  6276 | D:6      | Identified a +0 robe
  6276 | D:6      | Identified a +0 dagger
  6276 | D:6      | Identified a +0 robe
  6282 | D:6      | Identified a cursed -1 glaive
  6282 | D:6      | Identified a +0 plate armour
  6290 | D:6      | Identified a cursed -1 leather armour
  6307 | D:6      | HP: 12/48 [something/magic dart (9)]
  6793 | D:7      | Found a basalt altar of Yredelemnul.
  6805 | D:7      | Found a staircase to the Ecumenical Temple.
  6810 | Temple   | Entered the Ecumenical Temple
  6817 | Temple   | Became a worshipper of Kikubaaqudgha
  6943 | D:7      | Identified a +0 giant club
  6953 | D:7      | Reached skill level 9 in Staves
  6984 | D:7      | Identified a potion of lignification
  6998 | D:7      | Identified a +0 giant spiked club
  7370 | D:7      | Learned a level 2 spell: Blink
  7373 | D:7      | Learned a level 2 spell: Call Imp
  7377 | D:7      | Learned a level 3 spell: Mephitic Cloud
  7404 | D:7      | Identified a +0 giant club
  7416 | D:7      | Reached XP level 9. HP: 48/52 MP: 11/11
  7490 | D:7      | Found a white marble altar of Elyvilon.
  7491 | D:7      | Found an opulent altar of Gozag.
  7553 | D:7      | Identified a +0 halberd
  7560 | D:7      | Identified a +0 spear
  7560 | D:7      | Identified a +0 spear
  7603 | D:7      | Identified a +0 giant club
  7625 | D:7      | Reached skill level 4 in Armour
  7625 | D:7      | Reached skill level 7 in Dodging
  7997 | D:8      | Identified a +0 flail
  7997 | D:8      | Identified a +0 leather armour
  8001 | D:8      | Identified a +0 scimitar
  8001 | D:8      | Identified a +0 chain mail
  8004 | D:8      | Identified a +1 whip of electrocution
  8006 | D:8      | Identified a +0 hand axe
  8006 | D:8      | Identified a +0 club
  8008 | D:8      | Identified a +0 mace
  8008 | D:8      | Identified a +0 scale mail
  8011 | D:7      | HP: 17/78 [orc warrior/+0 scimitar (10)]
  8012 | D:7      | Identified 3 potions of resistance
  8013 | D:7      | Identified 3 potions of attraction
  8256 | D:8      | Identified a +0 falchion
  8446 | D:7      | Reached skill level 1 in Spellcasting
  8446 | D:7      | Reached skill level 1 in Summonings
  8446 | D:7      | Reached skill level 1 in Necromancy
  8461 | D:8      | Identified a +0 quarterstaff
  8461 | D:8      | Identified a +0 robe
  8496 | D:8      | Found Tuhiteum's Assorted Antiques.
  8567 | D:8      | Reached skill level 1 in Conjurations
  8602 | D:8      | Reached skill level 1 in Translocations
  8602 | D:8      | Reached skill level 1 in Air Magic
  8602 | D:8      | Reached skill level 1 in Poison Magic
  8675 | D:8      | Identified a cursed +3 great sword
  8675 | D:8      | Identified a +0 robe
  8675 | D:8      | Identified a +3 flail
  8675 | D:8      | Identified a +0 robe
  8778 | D:8      | Identified a +2 shortbow of freezing
  8791 | D:8      | Identified 2 scrolls of immolation
  8792 | D:8      | Identified 2 scrolls of fear
  8805 | D:8      | Identified a +0 mace
  8805 | D:8      | Identified a +0 dagger
  8805 | D:8      | Identified a +0 dagger
  8805 | D:8      | Identified a +0 robe
  8807 | D:8      | Identified a +0 dagger
  8807 | D:8      | Identified a +0 robe
  8826 | D:8      | HP: 13/52 [orc priest/divine providence (11)]
  9032 | D:8      | Found an ornate altar of the Wu Jian Council.
  9059 | D:8      | Got a faintly glowing chain mail
  9065 | D:8      | Identified a +0 halberd
  9065 | D:8      | Identified a +0 robe
  9066 | D:8      | Identified a cursed +4 trident
  9066 | D:8      | Identified a +0 robe
  9077 | D:8      | Reached skill level 2 in Spellcasting
  9080 | D:8      | Identified a +0 scale mail
  9191 | D:8      | Reached * piety under Kikubaaqudgha
  9191 | D:8      | Identified Kikubaaqudgha's Reference Book on Evil Magic
                  | (Kikubaaqudgha gifted it to you on level 8 of the Dungeon)
  9191 | D:8      | Received a gift from Kikubaaqudgha
  9204 | D:8      | Learned a level 3 spell: Vampiric Draining
  9206 | D:8      | Learned a level 1 spell: Magic Dart
  9230 | D:8      | Bought a viscous silvery potion for 19 gold pieces
  9230 | D:8      | Bought a scroll of identify for 44 gold pieces
  9230 | D:8      | Bought a red potion for 19 gold pieces
  9230 | D:8      | Bought a scroll of teleportation for 66 gold pieces
  9230 | D:8      | Bought a scroll of identify for 44 gold pieces
  9230 | D:8      | Bought a potion of curing for 66 gold pieces
  9230 | D:8      | Bought a scroll of identify for 44 gold pieces
  9230 | D:8      | Bought a scroll labelled ALLANOINTU for 22 gold pieces
  9230 | D:8      | Identified a potion of mutation
  9231 | D:8      | Identified a potion of berserk rage
  9232 | D:8      | Identified a potion of cancellation
  9530 | D:8      | Identified a +0 hand axe
  9530 | D:8      | Noticed a +0 hand axe
  9531 | D:8      | Found a hide-covered altar of Uskayaw.
  9531 | D:8      | Identified a +0 hand axe
  9531 | D:8      | Noticed a +0 hand axe
  9594 | D:8      | Identified a +3 battleaxe
  9594 | D:8      | Identified a +0 robe
  9605 | D:8      | Reached skill level 2 in Necromancy
  9907 | D:8      | Reached skill level 2 in Poison Magic
  9947 | D:9      | Identified a +0 spear
  9947 | D:9      | Identified a +0 club
  9957 | D:8      | Reached skill level 2 in Summonings
  9963 | D:8      | Reached skill level 2 in Conjurations
 10005 | D:9      | Identified a cursed amulet of the acrobat (You found it on
                  | level 9 of the Dungeon)
 10045 | D:9      | Found a radiant altar of Vehumet.
 10051 | D:9      | Identified a cursed +0 falchion
 10154 | D:9      | Identified a +0 short sword
 10154 | D:9      | Identified a +0 scale mail
 10158 | D:9      | Identified a +0 hand axe
 10158 | D:9      | Identified a +0 leather armour
 10160 | D:9      | Noticed a troll
 10197 | D:8      | Reached skill level 2 in Translocations
 10268 | D:9      | Killed a troll
 10269 | D:9      | Reached skill level 4 in Spellcasting
 10269 | D:9      | Reached skill level 2 in Air Magic
 10307 | D:9      | Identified a +0 war axe
 10307 | D:9      | Identified a cursed +0 plate armour
 10308 | D:9      | Noticed a cyclops
 10312 | D:9      | Found a staircase to the Lair.
 10686 | D:9      | Reached skill level 5 in Spellcasting
 10744 | D:9      | Killed a cyclops
 10745 | D:9      | Reached skill level 10 in Staves
 10745 | D:9      | Reached XP level 10. HP: 43/56 MP: 7/19
 10948 | D:9      | HP: 12/56 [electric eel/bolt of electricity (11)]
 11364 | D:9      | Identified a +0 morningstar
 11364 | D:9      | Identified a +0 ring mail
 11369 | D:9      | Identified a +0 giant spiked club
 11369 | D:9      | Identified a cursed -2 giant club
 11369 | D:9      | Noticed a two-headed ogre
 11376 | D:9      | Killed a two-headed ogre
 11378 | D:9      | Identified a +0 mace
 11378 | D:9      | Identified a +0 plate armour
 11380 | D:9      | Identified a +0 scale mail
 11434 | D:9      | Identified a +0 short sword
 11434 | D:9      | Identified a +0 scale mail
 11434 | D:9      | Identified a +1 flail of draining
 11470 | D:9      | Identified a +0 short sword
 11470 | D:9      | Identified a +2 leather armour of cold resistance
 11477 | D:9      | Identified a +0 dagger
 11477 | D:9      | Identified a +0 robe
 11486 | D:9      | Identified a +0 leather armour
 11487 | D:9      | Identified a +0 long sword
 11487 | D:9      | Identified a +0 plate armour
 11526 | D:9      | Found a staircase to the Orcish Mines.
 11526 | D:9      | Identified a +2 dagger of pain
 11526 | D:9      | Identified a +0 robe
 11526 | D:9      | Identified a +0 dagger
 11526 | D:9      | Identified a +0 robe
 11608 | D:9      | Identified a +0 dagger
 11608 | D:9      | Identified a +0 robe
 11622 | D:9      | Reached ** piety under Kikubaaqudgha
 11628 | D:9      | Identified a +0 dagger
 11628 | D:9      | Identified a +0 ring mail
 11633 | D:9      | Identified a +0 hand axe
 11730 | D:9      | Identified a +0 scale mail
 11730 | D:9      | Identified a +0 flail
 11730 | D:9      | Identified a +0 ring mail
 11730 | D:9      | Identified a +3 trident of venom
 11730 | D:9      | Identified a +0 dagger
 11763 | D:9      | Identified a +0 vorpal halberd
 11763 | D:9      | Identified +0 steam dragon scales
 11763 | D:9      | Noticed Maggie
 11827 | D:9      | Killed Maggie
 11828 | D:9      | Reached skill level 3 in Necromancy
 12123 | D:9      | Identified a cursed -1 dagger
 12123 | D:9      | Identified a +0 leather armour
 12189 | D:9      | Identified a +0 club
 12189 | D:9      | Identified a +0 chain mail
 12197 | D:9      | Identified a +0 short sword
 12198 | D:9      | Identified a +0 trident
 12198 | D:9      | Identified a +0 chain mail
 12202 | D:9      | Identified a +0 short sword
 12202 | D:9      | Identified a +0 ring mail
 12388 | D:10     | Entered Level 10 of the Dungeon
 12407 | D:10     | Reached skill level 3 in Conjurations
 12876 | D:10     | Identified a +4 quarterstaff of distortion (You found it on
                  | level 10 of the Dungeon)
 13014 | D:10     | Identified a scroll of summoning
 13014 | D:10     | Identified a +0 scimitar of electrocution
 13014 | D:10     | Identified a +0 chain mail
 13014 | D:10     | Identified a +0 short sword
 13014 | D:10     | Identified a +0 vorpal trident
 13014 | D:10     | Identified a +0 dagger
 13014 | D:10     | Identified a +0 robe
 13014 | D:10     | Identified a +0 whip
 13014 | D:10     | Identified a +0 short sword
 13014 | D:10     | Identified a +0 dagger
 13015 | D:10     | Identified a scroll of acquirement
 13017 | D:10     | Acquired the ring "Cymeop" {rPois rF+ rC+++ rN+ Str-5}
 13019 | D:10     | Identified a +0 club
 13022 | D:10     | Identified a +0 dagger
 13022 | D:10     | Identified a cursed -2 dagger
 13022 | D:10     | Identified a +0 dagger
 13027 | D:10     | Identified a +0 whip
 13029 | D:10     | Identified a +0 short sword
 13039 | D:10     | Identified a +0 vampiric whip
 13055 | D:10     | Identified a scroll of magic mapping
 13056 | D:10     | Identified a scroll of holy word
 13057 | D:10     | Identified a scroll of random uselessness
 13119 | D:10     | Reached skill level 11 in Staves
 13142 | D:10     | Reached skill level 6 in Spellcasting
 13148 | D:10     | Killed an unseen horror
 13163 | D:10     | Identified a scroll of fog
 13397 | D:10     | Banished an unseen horror
 13398 | D:10     | Reached skill level 8 in Dodging
 13398 | D:10     | Reached skill level 4 in Necromancy
 13606 | D:10     | Reached XP level 11. HP: 30/62 MP: 22/22
 13877 | D:11     | Identified a +0 club
 13881 | D:11     | Identified a +0 dagger
 13932 | D:11     | Identified a potion of degeneration
 13944 | D:11     | Reached skill level 5 in Armour
 13991 | D:11     | Identified a +0 giant club
 14003 | D:11     | Reached skill level 5 in Fighting
 14116 | D:11     | Reached skill level 5 in Necromancy
 14126 | D:11     | Reached *** piety under Kikubaaqudgha
 14126 | D:11     | Identified Kikubaaqudgha's Handbook of Dark Secrets
                  | (Kikubaaqudgha gifted it to you on level 11 of the Dungeon)
 14126 | D:11     | Received a gift from Kikubaaqudgha
 14126 | D:11     | Identified a +0 troll leather armour
 14140 | D:11     | Learned a level 4 spell: Animate Dead
 14249 | D:11     | Identified a +0 giant club
 14249 | D:11     | Identified a +0 dire flail
 14249 | D:11     | Noticed a two-headed ogre
 14266 | D:11     | Killed a two-headed ogre
 14283 | D:11     | Identified a +0 dire flail
 14283 | D:11     | Identified a +0 robe
 14284 | D:11     | Identified a cursed +1 mace
 14284 | D:11     | Identified a +0 robe
 14402 | D:11     | Identified a +0 shortbow
 14414 | D:11     | Identified a +3 halberd
 14414 | D:11     | Identified a +0 robe
 14647 | D:11     | Identified a +0 dagger
 14647 | D:11     | Identified a +0 robe
 14657 | D:11     | Identified a +0 hand axe
 14664 | D:11     | Identified a +0 shortbow
 14666 | D:11     | Identified a +0 hand axe
 14678 | D:11     | Reached skill level 12 in Staves
 14691 | D:11     | Identified a +0 dagger
 14691 | D:11     | Identified a +0 robe
 14717 | D:11     | Killed an unseen horror
 15088 | D:12     | Noticed Kirke
 15089 | D:12     | Reached skill level 6 in Necromancy
 15131 | D:12     | Identified a cursed +3 short sword of freezing
 15131 | D:12     | Identified a +0 robe
 15405 | D:12     | Identified a +2 dagger of freezing
 15405 | D:12     | Identified a cursed +0 robe
 15405 | D:12     | Identified a cursed +0 flail
 15405 | D:12     | Identified a +0 robe
 15406 | D:12     | Identified a +3 scimitar
 15406 | D:12     | Identified a +0 robe
 15407 | D:12     | Identified a +0 vampiric battleaxe
 15407 | D:12     | Identified a +0 robe
 15415 | D:11     | Identified a +0 troll leather armour
 15590 | D:12     | Identified a +0 club
 15590 | D:12     | Identified a +0 leather armour
 15594 | D:12     | Identified a +0 dagger
 15594 | D:12     | Identified a +0 robe
 15610 | D:12     | Identified a +0 dagger
 15610 | D:12     | Noticed a deep elf pyromancer
 15675 | D:12     | Found Lelem's Armour Boutique.
 15723 | D:12     | Noticed a lindwurm
 15727 | D:11     | Noticed a lindwurm
 15817 | D:11     | Killed Kirke
 15818 | D:11     | Reached skill level 6 in Fighting
 16209 | D:11     | Killed an unseen horror
 16210 | D:11     | Reached skill level 3 in Air Magic
 16334 | D:11     | Reached skill level 4 in Conjurations
 16452 | D:12     | Reached skill level 7 in Spellcasting
 16461 | D:12     | Reached XP level 12. HP: 25/70 MP: 24/24
 16765 | D:12     | Identified a potion of flight
 16848 | D:12     | Bought a +2 cloak of preservation for 279 gold pieces
 17030 | D:12     | Reached skill level 13 in Staves
 17030 | D:12     | Reached skill level 7 in Necromancy
 17161 | D:13     | Identified a +0 morningstar
 17161 | D:13     | Identified a cursed +0 robe
 17164 | D:13     | Identified a +0 long sword
 17164 | D:13     | Identified a +0 robe
 17164 | D:13     | Identified a cursed +0 long sword
 17164 | D:13     | Identified a +0 robe
 17176 | D:13     | Reached **** piety under Kikubaaqudgha
 17177 | D:13     | Identified a +0 spear
 17177 | D:13     | Identified a +0 robe
 17580 | D:13     | Identified a +0 vorpal quarterstaff
 17580 | D:13     | Identified a +0 robe
 17580 | D:13     | Noticed Jorgrun
 17604 | D:13     | Identified 3 potions of magic
 17604 | D:13     | HP: 14/70 [Jorgrun/+0 vorpal quarterstaff (5)]
 17606 | D:13     | Identified a potion of ambrosia
 17613 | D:13     | HP: 9/70 [Jorgrun/iron shot (40)]
 17869 | D:13     | Identified a +0 flail
 18068 | D:13     | Reached skill level 8 in Spellcasting
 18210 | D:13     | Identified a cursed +0 dire flail
 18210 | D:13     | Identified a +0 robe
 18217 | D:13     | Identified a +3 hand axe
 18217 | D:13     | Identified a +0 robe
 18226 | D:13     | Identified a +3 dagger
 18226 | D:13     | Identified a +0 robe
 18226 | D:13     | Identified a cursed +3 long sword
 18226 | D:13     | Identified a +0 robe
 18245 | D:13     | Identified a +0 giant club
 18245 | D:13     | Identified a +0 giant spiked club
 18245 | D:13     | Noticed a two-headed ogre
 18270 | D:13     | Banished a two-headed ogre
 18271 | D:13     | Reached skill level 8 in Necromancy
 18345 | D:13     | Killed Jorgrun
 18346 | D:13     | Reached skill level 14 in Staves
 18613 | D:13     | Found a portal to a secret trove of treasure.
 18664 | D:13     | Identified a +0 dagger
 18664 | D:13     | Identified a +0 ring mail
 18876 | D:13     | Identified a +0 shortbow
 18898 | D:13     | Noticed a boulder beetle
 18931 | D:13     | Killed a boulder beetle
 18932 | D:13     | Reached skill level 9 in Spellcasting
 19080 | D:13     | Identified +0 acid dragon scales
 19411 | D:14     | Identified a +0 troll leather armour
 19565 | D:13     | Identified a +2 triple sword of pain
 19565 | D:13     | Identified a +2 scale mail of fire resistance
 19565 | D:13     | Noticed Rupert
 19582 | D:13     | Banished Rupert
 19583 | D:13     | Reached skill level 10 in Spellcasting
 19583 | D:13     | Reached XP level 13. HP: 64/76 MP: 27/29
 19852 | D:14     | Reached skill level 9 in Dodging
 19852 | D:14     | Reached skill level 9 in Necromancy
 19885 | D:14     | Learned a level 4 spell: Dispel Undead
 19892 | D:14     | Learned a level 6 spell: Death Channel
 19896 | D:14     | Learned a level 3 spell: Ignite Poison
 19898 | D:14     | Identified a +0 hand axe
 19898 | D:14     | Identified a +0 leather armour
 19899 | D:14     | Identified a +0 hand axe
 19899 | D:14     | Identified a +0 chain mail
 19902 | D:14     | Identified a cursed -1 hand axe
 19902 | D:14     | Identified a +0 leather armour
 19902 | D:14     | Identified a cursed ring of protection from fire
 19951 | D:14     | Identified a +0 flail
 19951 | D:14     | Identified a +0 leather armour
 19952 | D:14     | Identified a +0 hand axe
 19952 | D:14     | Identified a +0 dagger
 19952 | D:14     | Identified a +0 robe
 19953 | D:14     | Identified a +4 flail
 19954 | D:14     | Identified a +0 dagger
 19956 | D:14     | Identified a +0 mace
 19956 | D:14     | Identified a +0 scale mail
 20455 | D:14     | Identified a +0 shortbow
 20460 | D:14     | Identified a +0 halberd
 20460 | D:14     | Identified a cursed +0 ring mail
 20473 | D:14     | Identified a +0 broad axe
 20473 | D:14     | Identified a +0 leather armour
 20473 | D:14     | Identified a +2 kite shield of protection
 20479 | D:14     | Identified a cursed -3 great mace
 20479 | D:14     | Identified a +0 chain mail
 20488 | D:14     | Reached skill level 1 in Transmutations
 20488 | D:14     | Reached skill level 1 in Fire Magic
 20541 | D:14     | Reached skill level 6 in Armour
 20591 | D:14     | Identified a +1 scimitar of flaming
 20647 | D:14     | Identified a +2 great sword
 20647 | D:14     | Identified a +0 plate armour
 20673 | D:14     | Reached ***** piety under Kikubaaqudgha
 20833 | D:14     | Identified a +0 great sword
 20833 | D:14     | Identified a +0 plate armour
 20839 | D:14     | Identified a +0 dagger
 20839 | D:14     | Identified a +0 robe
 20845 | D:14     | Reached skill level 3 in Summonings
 20845 | D:14     | Reached skill level 2 in Transmutations
 20846 | D:14     | Reached skill level 3 in Translocations
 20850 | D:14     | Reached skill level 2 in Fire Magic
 20850 | D:14     | Reached skill level 3 in Poison Magic
 20857 | D:14     | Reached skill level 11 in Spellcasting
 20861 | D:14     | Identified a +0 troll leather armour
 20904 | D:14     | Reached skill level 7 in Fighting
 21024 | D:14     | Identified a +3 battleaxe
 21024 | D:14     | Identified the +4 chain mail of the Harvest Moon {Stlth+}
 21041 | D:14     | Identified a +0 shortbow
 21043 | D:14     | Noticed a bunyip
 21044 | D:14     | Identified a +0 dagger of draining
 21044 | D:14     | Identified a +0 shortbow
 21065 | D:14     | Killed a bunyip
 21083 | D:14     | Identified a +0 great sword
 21083 | D:14     | Identified a +0 plate armour
 21085 | D:14     | HP: 15/76 [vault guard/stone (6)]
 21396 | D:14     | Reached skill level 3 in Transmutations
 21396 | D:14     | Reached skill level 3 in Fire Magic
 21463 | D:14     | Identified a +2 whip of freezing
 21463 | D:14     | Identified a +0 buckler
 21524 | D:14     | Identified a +0 trident of protection
 21524 | D:14     | Identified a +0 shortbow
 21670 | D:14     | Identified a +0 great mace
 21670 | D:14     | Identified a +0 chain mail
 21753 | D:14     | Identified a +0 shortbow
 21804 | D:14     | Found a gate to the Vaults.
 21847 | D:14     | Noticed a sphinx
 21997 | D:14     | Reached XP level 14. HP: 71/82 MP: 25/31
 22071 | D:14     | Reached skill level 12 in Spellcasting
 22083 | D:14     | Learned a level 5 spell: Agony
 22128 | D:14     | Reached skill level 10 in Necromancy
 22138 | D:14     | Reached skill level 10 in Dodging
 22388 | D:15     | Entered Level 15 of the Dungeon
 22398 | D:15     | Identified a scroll of brand weapon
 22404 | D:15     | Identified a +0 shortbow
 22407 | D:15     | Identified a cursed +3 spear
 22407 | D:15     | Identified a +0 robe
 22407 | D:15     | Identified a +3 mace
 22407 | D:15     | Identified a +0 robe
 22409 | D:15     | Identified a cursed +2 dire flail of freezing
 22409 | D:15     | Identified a +0 robe
 22411 | D:15     | Identified a +2 battleaxe
 22411 | D:15     | Identified a +0 robe
 22412 | D:15     | Identified a +0 war axe
 22412 | D:15     | Identified a +0 robe
 22735 | Lair:1   | Entered Level 1 of the Lair of Beasts
 22813 | Lair:1   | Identified a scroll of vulnerability
 22815 | Lair:1   | Found a runed translucent door.
 22818 | Lair:1   | Noticed SkeletonJelly's ghost (novice MiGl)
 22819 | Lair:1   | Identified a +0 spear
 22819 | Lair:1   | Identified a +0 trident
 22821 | Lair:1   | Identified the +9 spear "Qearph" {elec, rPois Str+4 Dex-5
                  | Stlth+}
 22823 | Lair:1   | Identified a +0 spear
 23472 | Lair:2   | Reached skill level 7 in Armour
 23540 | Lair:2   | Got a distressingly furry leather armour
 23554 | Lair:2   | Identified the +4 leather armour of Visidgh {Str+3} (You
                  | found it on level 2 of the Lair of Beasts)
 23881 | Lair:2   | Identified a +2 robe of cold resistance
 23881 | Lair:2   | Noticed Fannar
 23897 | Lair:2   | Banished Fannar
 24165 | Lair:2   | Found a shadowy altar of Dithmenos.
 24889 | Lair:3   | Reached skill level 8 in Fighting
 24964 | Lair:3   | Got a clouded ivory amulet
 24965 | Lair:3   | Identified a potion of heal wounds
 24966 | Lair:3   | Identified the amulet of Tiutto {Reflect Dex+2 SH+5} (You
                  | found it on level 3 of the Lair of Beasts)
 25119 | Lair:3   | Identified a ring of see invisible (You found it on level 3
                  | of the Lair of Beasts)
 25120 | Lair:3   | Identified a ring of fire (You found it on level 3 of the
                  | Lair of Beasts)
 25801 | Lair:4   | Found a staircase to the Shoals.
 25841 | Lair:4   | Found a stormy altar of Qazlal.
 26007 | Lair:4   | Identified a +0 hand axe
 26008 | Lair:4   | Found a staircase to the Snake Pit.
 26579 | Lair:5   | Found a staircase to the Slime Pits.
 26597 | Lair:5   | Reached skill level 11 in Necromancy
 26723 | Lair:5   | Reached skill level 11 in Dodging
 26905 | Lair:5   | Identified a ring of teleportation (You found it on level 5
                  | of the Lair of Beasts)
 27191 | Lair:6   | Entered Level 6 of the Lair of Beasts
 27454 | Lair:6   | Reached skill level 8 in Armour
 27905 | Lair:6   | Reached XP level 15. HP: 42/89 MP: 1/33
 28140 | Lair:6   | Reached skill level 12 in Necromancy
 28145 | Lair:6   | Reached skill level 9 in Fighting
 28145 | Lair:6   | Reached skill level 12 in Dodging
 28381 | Lair:6   | Identified a scroll of enchant weapon
 28444 | Lair:6   | Reached ****** piety under Kikubaaqudgha
 28456 | Lair:6   | Paralysed by a hornet for 2 turns
 28457 | Lair:6   | HP: 21/92 [torpor snail (19)]
 28877 | Lair:6   | Found a runed translucent door.
 29011 | Lair:6   | Reached skill level 10 in Fighting
 29692 | Lair:6   | HP: 14/92 [manticore/volley of spikes (16)]
 30122 | Lair:6   | Identified an amulet of reflection (You found it on level 6
                  | of the Lair of Beasts)
 30597 | D:12     | Bought the +2 pair of gloves "Maonicy" {rElec rF- Regen+
                  | Int+8} for 497 gold pieces
 30767 | D:3      | Noticed Natasha
 30774 | D:3      | Killed Natasha
 30799 | D:3      | Killed gressup's ghost
 30893 | D:4      | Killed Stevanos's ghost
 31073 | Lair:1   | Killed SkeletonJelly's ghost
 31506 | Orc:1    | Entered Level 1 of the Orcish Mines
 31519 | Orc:1    | Identified a +0 dagger
 31519 | Orc:1    | Identified a +0 robe
 31520 | Orc:1    | Identified a +0 trident
 31520 | Orc:1    | Identified a +0 club
 31520 | Orc:1    | Identified a +0 ring mail
 31520 | Orc:1    | Identified a +0 short sword
 31520 | Orc:1    | Identified a +0 chain mail
 31521 | Orc:1    | Identified a +0 dagger
 31521 | Orc:1    | Identified a +0 robe
 31521 | Orc:1    | Identified a +0 club
 31521 | Orc:1    | Identified a +0 scale mail
 31522 | Orc:1    | Identified a +0 scimitar
 31522 | Orc:1    | Identified a cursed +0 plate armour
 31522 | Orc:1    | Identified a +0 club
 31522 | Orc:1    | Identified a +0 ring mail
 31524 | Orc:1    | Identified a +0 dagger
 31524 | Orc:1    | Identified a +0 robe
 31649 | Orc:2    | Entered Level 2 of the Orcish Mines
 31651 | Orc:2    | Identified a +0 scimitar of flaming
 31651 | Orc:2    | Noticed Azrael
 31726 | Orc:1    | Identified a +0 dagger
 31726 | Orc:1    | Identified a +0 robe
 31726 | Orc:1    | Identified a +0 dagger
 31726 | Orc:1    | Identified a +0 robe
 31726 | Orc:1    | Identified a +0 short sword
 31726 | Orc:1    | Identified a +0 hand axe
 31726 | Orc:1    | Identified a cursed +0 giant club
 31726 | Orc:1    | Identified a +0 battleaxe of draining
 31726 | Orc:1    | Identified a +0 plate armour
 31727 | Orc:1    | Identified a +0 dagger
 31728 | Orc:1    | Identified a +0 dagger
 31728 | Orc:1    | Identified a +0 leather armour
 31728 | Orc:1    | Identified a +0 falchion
 31728 | Orc:1    | Identified a +0 ring mail
 31728 | Orc:1    | Identified a +0 long sword
 31728 | Orc:1    | Identified a +0 plate armour
 31728 | Orc:1    | Identified a +0 falchion
 31728 | Orc:1    | Identified a +0 dagger
 31728 | Orc:1    | Identified a +0 ring mail
 31728 | Orc:1    | Identified a +0 short sword
 31728 | Orc:1    | Identified a +0 ring mail
 31729 | Orc:1    | Identified a +0 hand axe
 31733 | Orc:1    | Identified a +0 long sword
 31733 | Orc:1    | Identified a +0 plate armour
 31735 | Orc:1    | Identified a +0 giant club
 31735 | Orc:1    | Identified a +0 giant club
 31738 | Orc:1    | Identified a +0 mace
 31738 | Orc:1    | Identified a cursed +0 ring mail
 31741 | Orc:1    | Identified a +0 flail
 31741 | Orc:1    | Identified a +0 leather armour of poison resistance
 31743 | Orc:1    | Identified a +0 club
 31743 | Orc:1    | Identified a +0 ring mail
 31754 | Orc:1    | Identified a +0 mace
 31762 | Orc:1    | Identified a cursed -1 giant club
 31772 | Orc:1    | Identified a +2 dagger of protection
 31772 | Orc:1    | Identified a +0 robe
 31776 | Orc:1    | Identified a cursed -3 dagger
 31776 | Orc:1    | Identified a +0 robe
 31780 | Orc:1    | Found a frozen archway.
 31780 | Orc:1    | Identified a +0 trident
 31780 | Orc:1    | Identified a +0 chain mail
 31780 | Orc:1    | Identified a +0 falchion
 31780 | Orc:1    | Identified a +0 dagger
 31780 | Orc:1    | Identified a +0 robe
 31780 | Orc:1    | Identified a +0 dagger
 31780 | Orc:1    | Identified a +0 robe
 31781 | Orc:1    | Identified a +0 mace
 31822 | IceCv    | Entered an ice cave
 31911 | IceCv    | Found the +3 salamander hide armour {Flames rF++ rC--}
 32080 | IceCv    | Identified a +1 helmet (You found it in an ice cave)
 32094 | IceCv    | Identified a +1 helmet
 32104 | IceCv    | Identified a +1 pair of gloves of archery (You found it in
                  | an ice cave)
 32218 | IceCv    | Identified a +0 battleaxe of freezing
 32218 | IceCv    | Noticed a frost giant
 32245 | IceCv    | Banished a frost giant
 32281 | IceCv    | Identified a ring of ice (You found it in an ice cave)
 32372 | Orc:1    | Found a runed translucent gate.
 32372 | Orc:1    | Found a runed translucent gate.
 32372 | Orc:1    | Found a runed translucent gate.
 32373 | Orc:1    | Noticed esran's ghost (journeyman TrFi)
 32374 | Orc:1    | Found the +2 robe of Vines {NoPotionHeal Regen+7}
 32374 | Orc:1    | Noticed Kicvos's ghost (journeyman OpBe)
 32375 | Orc:1    | Noticed Rocask's ghost (journeyman DEVM)
 32376 | Orc:1    | Noticed Rumoabbe's ghost (journeyman DEIE)
 32605 | Orc:1    | Banished Kicvos's ghost
 32622 | Orc:1    | Banished esran's ghost
 32633 | Orc:1    | Banished Rumoabbe's ghost
 32645 | Orc:1    | Killed Rocask's ghost
 32807 | Orc:2    | Identified a +2 vorpal halberd
 32807 | Orc:2    | Identified a +0 chain mail
 32807 | Orc:2    | Identified a +0 flail
 32807 | Orc:2    | Identified a +0 club
 32807 | Orc:2    | Identified a +0 scale mail
 32825 | Orc:1    | Killed Azrael
 32885 | Orc:2    | Identified a +0 flail
 32885 | Orc:2    | Identified a +0 ring mail
 33009 | Orc:2    | Found a staircase to the Elven Halls.
 33144 | Orc:2    | Identified a +0 hand axe
 33144 | Orc:2    | Identified a +0 plate armour
 33145 | Orc:2    | Identified a +0 giant club
 33146 | Orc:2    | Identified a +0 dagger
 33146 | Orc:2    | Identified a cursed +0 robe
 33146 | Orc:2    | Identified a +0 dagger
 33146 | Orc:2    | Identified a +0 hand axe
 33146 | Orc:2    | Identified a +0 leather armour
 33146 | Orc:2    | Identified a +0 flail
 33147 | Orc:2    | Identified a +0 dire flail
 33147 | Orc:2    | Identified a +0 chain mail
 33147 | Orc:2    | Identified a +0 falchion
 33147 | Orc:2    | Identified a +0 ring mail
 33147 | Orc:2    | Identified a +0 long sword
 33147 | Orc:2    | Identified a +0 chain mail
 33148 | Orc:2    | Identified a +4 bardiche of flaming
 33148 | Orc:2    | Identified a +0 chain mail
 33148 | Orc:2    | Noticed an orc warlord
 33150 | Orc:2    | Identified a +0 battleaxe
 33150 | Orc:2    | Identified a +0 chain mail
 33171 | Orc:2    | Killed an orc warlord
 33217 | Orc:2    | Identified a +0 giant club
 33222 | Orc:2    | Found a roughly hewn altar of Beogh.
 33236 | Orc:2    | Identified a +0 giant club
 33236 | Orc:2    | Identified a +1 vorpal falchion
 33236 | Orc:2    | Identified a +0 ring mail
 33237 | Orc:2    | Identified a +0 dagger
 33237 | Orc:2    | Identified a +0 robe
 33237 | Orc:2    | Identified a +0 halberd of flaming
 33237 | Orc:2    | Identified a +0 chain mail
 33237 | Orc:2    | Identified a cursed +0 flail
 33237 | Orc:2    | Identified a +0 leather armour
 33238 | Orc:2    | Identified a +0 short sword
 33238 | Orc:2    | Identified a +0 plate armour
 33242 | Orc:2    | Identified a +0 battleaxe
 33242 | Orc:2    | Identified a +0 plate armour
 33243 | Orc:2    | Identified a +0 short sword
 33243 | Orc:2    | Identified a +0 leather armour
 33251 | Orc:2    | Identified a +0 short sword of venom
 33251 | Orc:2    | Identified a +0 cloak
 33251 | Orc:2    | Noticed Maurice
 33251 | Orc:2    | Identified a +3 glaive
 33251 | Orc:2    | Identified a +0 chain mail
 33260 | Orc:2    | Killed Maurice
 33261 | Orc:2    | Identified a +1 dagger of distortion
 33261 | Orc:2    | Noticed Sonja
 33265 | Orc:2    | Identified a +0 dagger
 33265 | Orc:2    | Identified a +0 robe
 33270 | Orc:2    | Identified a +0 dagger
 33270 | Orc:2    | Identified a +0 robe
 33274 | Orc:2    | Identified a +0 flail
 33278 | Orc:2    | Killed Sonja
 33283 | Orc:2    | Reached XP level 16. HP: 32/98 MP: 5/34
 33283 | Orc:2    | Identified a +0 short sword
 33283 | Orc:2    | Identified a +0 chain mail
 33292 | Orc:2    | HP: 15/98 [orc priest/divine providence (15)]
 33459 | Orc:2    | Identified a +0 giant club
 33742 | Orc:2    | Identified a +0 dagger
 33744 | Orc:2    | Identified a +0 club
 33744 | Orc:2    | Identified a +2 longbow of flaming
 33744 | Orc:2    | Identified a +1 barding
 33744 | Orc:2    | Noticed Nessos
 33747 | Orc:2    | Identified a +0 hand axe
 33747 | Orc:2    | Identified a +0 plate armour
 33762 | Orc:2    | Banished Nessos
 33782 | Orc:2    | Identified a +0 hand axe
 33786 | Orc:2    | Identified a +0 trident
 33786 | Orc:2    | Identified a +0 chain mail
 33788 | Orc:2    | Identified a +0 flail
 33788 | Orc:2    | Identified a +0 scale mail
 33788 | Orc:2    | Identified a +0 hand axe
 33788 | Orc:2    | Identified a +0 chain mail
 33788 | Orc:2    | Identified a +2 dire flail
 33788 | Orc:2    | Identified a +0 plate armour
 33793 | Orc:2    | Identified a +0 scale mail
 33794 | Orc:2    | Identified a +0 flail
 33794 | Orc:2    | Identified a +0 plate armour
 33798 | Orc:2    | Identified a +0 mace
 33798 | Orc:2    | Identified a +0 chain mail
 33799 | Orc:2    | Identified a +0 dagger
 33799 | Orc:2    | Identified a cursed +0 robe
 33799 | Orc:2    | Identified a +0 war axe
 33799 | Orc:2    | Identified a +0 plate armour
 33800 | Orc:2    | Identified a +0 dagger
 33800 | Orc:2    | Identified a cursed +0 robe
 33801 | Orc:2    | Identified a +0 dagger
 33801 | Orc:2    | Identified a +0 robe
 33801 | Orc:2    | Identified a +0 hand axe
 33801 | Orc:2    | Identified a cursed +0 scale mail
 33802 | Orc:2    | Identified a +0 long sword
 33802 | Orc:2    | Identified a +0 glaive
 33802 | Orc:2    | Identified a +0 leather armour
 33802 | Orc:2    | Identified a +0 falchion
 33803 | Orc:2    | Identified a +0 dire flail
 33803 | Orc:2    | Identified a +0 plate armour
 33804 | Orc:2    | Identified a cursed -1 dagger
 33804 | Orc:2    | Identified a +0 robe
 33807 | Orc:2    | Identified a cursed -1 flail
 33807 | Orc:2    | Identified a +0 chain mail
 33807 | Orc:2    | Identified a +0 dagger
 33807 | Orc:2    | Identified a cursed +0 robe
 33985 | Orc:2    | Reached skill level 13 in Spellcasting
 33994 | Orc:2    | Identified a +0 dire flail
 33994 | Orc:2    | Identified a +0 chain mail
 33996 | Orc:2    | Identified a +0 hand axe
 33996 | Orc:2    | Identified a +0 scale mail
 33996 | Orc:2    | Identified a +0 dagger
 33997 | Orc:2    | Identified a +0 dagger
 33997 | Orc:2    | Identified a +0 robe
 34020 | Orc:2    | Identified a +0 trident
 34028 | Orc:2    | Found Xaprab's Armour Shop.
 34028 | Orc:2    | Found Uvvaale's Distillery.
 34039 | Orc:2    | Reached skill level 13 in Necromancy
 34042 | Orc:2    | Found Gad Wuq's Book Shop.
 34042 | Orc:2    | Found Veuwnouc's Antique Armour Shoppe.
 34118 | Orc:2    | Bought a potion of mutation for 96 gold pieces
 34118 | Orc:2    | Bought a potion of lignification for 36 gold pieces
 34118 | Orc:2    | Bought a potion of invisibility for 96 gold pieces
 34118 | Orc:2    | Bought a potion of curing for 36 gold pieces
 34118 | Orc:2    | Bought 2 potions of mutation for 192 gold pieces
 34118 | Orc:2    | Bought a potion of curing for 36 gold pieces
 34118 | Orc:2    | Bought a potion of haste for 120 gold pieces
 34118 | Orc:2    | Bought a potion of cancellation for 96 gold pieces
 34118 | Orc:2    | Bought a potion of invisibility for 96 gold pieces
 34118 | Orc:2    | Bought a potion of berserk rage for 60 gold pieces
 34118 | Orc:2    | Bought a potion of invisibility for 96 gold pieces
 34118 | Orc:2    | Bought a potion of flight for 36 gold pieces
 34118 | Orc:2    | Bought a potion of brilliance for 48 gold pieces
 34155 | Orc:2    | Identified a +0 hand axe
 34155 | Orc:2    | Identified a +0 plate armour
 34155 | Orc:2    | Identified a +0 ring mail
 34156 | Orc:2    | Identified a +0 mace
 34286 | Orc:2    | Learned a level 2 spell: Wereblood
 34516 | Snake:1  | Entered Level 1 of the Snake Pit
 34516 | Snake:1  | Found Liececsuy's Antique Armour Shoppe.
 34534 | Snake:1  | Identified a +2 halberd of venom
 34536 | Snake:1  | Noticed Aizul
 34545 | Snake:1  | Slain by a naga warrior

Table legend: (Time is in decaauts)
 A = Elapsed time spent in this place.
 B = Non-inter-level travel time spent in this place.
 C = Inter-level travel time spent in this place.
 D = Time resting spent in this place.
 E = Time spent auto-exploring this place.
 F = Levels seen in this place.
 G = Mean time per level.
                   A        B        C        D        E       F      G
               +--------+--------+--------+--------+--------+-----+--------+
         Total |  33916 |  31021 |   2895 |  10108 |  13805 |  26 | 1304.5 |
       Dungeon |  23053 |  21034 |   2019 |   7904 |   8226 |  15 | 1536.9 |
        Temple |     14 |      7 |      7 |      0 |      0 |   1 |   14.0 |
          Lair |   8128 |   7435 |    693 |   1633 |   4380 |   6 | 1354.7 |
     Snake Pit |     26 |     26 |      0 |      0 |     17 |   1 |   26.0 |
  Orcish Mines |   2255 |   2081 |    174 |    533 |    981 |   2 | 1127.5 |
      Ice Cave |    437 |    437 |      0 |     38 |    200 |   1 |  437.0 |
               +--------+--------+--------+--------+--------+-----+--------+

Top non-repeatable levels by time:
  Lair:6: 3334 daAuts
     D:9: 2832 daAuts
    D:11: 2748 daAuts
    D:14: 2743 daAuts
    D:13: 2500 daAuts
     D:3: 1715 daAuts
     D:7: 1708 daAuts
     D:8: 1608 daAuts
  Lair:2: 1399 daAuts
     D:1: 1324 daAuts
   Orc:2: 1292 daAuts
    D:10: 1273 daAuts
     D:6: 1218 daAuts
  Lair:3: 1164 daAuts
     D:4: 1120 daAuts

Table legend:
 A = Kills in this place as a percentage of kills in entire the game.
 B = Kills by you in this place as a percentage of kills by you in the entire game.
 C = Kills by friends in this place as a percentage of kills by friends in the entire game.
 D = Other kills in this place as a percentage of other kills in the entire game.
 E = Experience gained in this place as a percentage of experience gained in the entire game.
 F = Experience gained in this place divided by the number of levels of this place that you have seen.
                   A       B       C       D       E      F
               +-------+-------+-------+-------+-------+----------------------
         Total | 100.0 | 100.0 | 100.0 | 100.0 | 100.0 | 6265.6
       Dungeon |  56.0 |  59.8 |  18.5 |  37.5 |  43.4 | 4718.0
          Lair |  22.2 |  21.1 |  14.8 |  33.0 |  33.8 | 9164.2
     Snake Pit |   0.2 |   0.1 |   0.0 |   1.1 |   0.6 | 941.0
  Orcish Mines |  16.3 |  14.6 |  55.6 |  18.2 |  15.6 | 12670.5
      Ice Cave |   5.2 |   4.4 |  11.1 |  10.2 |   6.7 | 10868.0
               +-------+-------+-------+-------+-------+----------------------

Skill      XL: |  1  2  3  4  5  6  7  8  9 10 11 12 13 14 15 16 |
---------------+-------------------------------------------------+-----
Staves         | 4 5 6 7 9 10 11 12 14 | 14.5
Fighting       | 2 3 4 6 7 8 10 | 10.6
Dodging        | 4 5 6 7 8 9 11 12 | 12.9
Armour         | 1 2 3 4 5 6 8 |  8.9
Spellcasting   | 5 6 7 10 11 12 13 | 13.1
Summonings     | 2 3 |  3.0
Necromancy     | 2 4 6 8 9 11 12 13 | 13.0
Conjurations   | 2 3 4 |  4.0
Translocations | 2 3 |  3.0
Air Magic      | 2 3 |  3.0
Poison Magic   | 2 3 |  3.0
Transmutations | 3 |  3.0
Fire Magic     | 3 |  3.0
Throwing       | |  2.0

Action                   |  1- 3 |  4- 6 |  7- 9 | 10-12 | 13-15 | 16-18 || total
-------------------------+-------+-------+-------+-------+-------+-------++-------
Melee: Quarterstaff      |    94 |   148 |   312 |   636 |  1302 |    46 ||  2538
       Unarmed           |       |       |       |     3 |       |       ||     3
Throw: Dart              |    17 |   130 |   218 |    17 |     4 |       ||   386
       Stone             |       |    24 |    22 |       |       |       ||    46
       Throwing net      |       |       |     3 |     1 |       |       ||     4
       Boomerang         |       |       |       |    13 |       |       ||    13
 Cast: Call Imp          |       |       |    24 |    32 |    26 |       ||    82
       Magic Dart        |       |       |     8 |   130 |    37 |       ||   175
       Mephitic Cloud    |       |       |     5 |    32 |    43 |       ||    80
       Blink             |       |       |     5 |     6 |    18 |       ||    29
       Vampiric Draining |       |       |       |     5 |   198 |    14 ||   217
       Animate Dead      |       |       |       |       |    10 |     1 ||    11
       Agony             |       |       |       |       |     3 |     3 ||     6
       Death Channel     |       |       |       |       |    17 |     2 ||    19
       Ignite Poison     |       |       |       |       |     2 |       ||     2
Evoke: Wand              |       |       |    12 |     7 |    24 |     2 ||    45
       Condenser vane    |       |       |       |       |     3 |       ||     3
  Use: Scroll            |     2 |     3 |    14 |    14 |    15 |     1 ||    49
       Potion            |       |       |     4 |     7 |     5 |       ||    16
 Stab: Sleeping          |     3 |       |     1 |     5 |     1 |       ||    10
       Held in net/web   |       |       |     2 |       |       |       ||     2
       Distracted        |       |       |     1 |     2 |     3 |       ||     6
       Confused          |       |       |       |     8 |    26 |       ||    34
       Invisible         |       |       |       |     3 |     2 |       ||     5
       Paralysed         |       |       |       |       |       |     3 ||     3
Armor: Leather armour    |    31 |    55 |    16 |       |     6 |    16 ||   124
       Ring mail         |       |       |   113 |    21 |       |       ||   134
       Robe              |       |       |     3 |       |     2 |       ||     5
       Skin              |       |       |     3 |       |       |       ||     3
       Steam dragon scal |       |       |       |   177 |   435 |       ||   612
Dodge: Dodged            |    89 |   105 |   237 |   393 |  1201 |    44 ||  2069

Vanquished Creatures
  Jorgrun (D:13)
  Kirke (D:11)
  An orc warlord (Orc:2)
  The ghost of Rocask the Thaumaturge, a journeyman DEVM of Gozag (Orc:1)
  A bunyip (shapeshifter) (D:14)
  Azrael (Orc:1)
  3 vault guards (D:14)
  A catoblepas (Lair:6)
  A boulder beetle (D:13)
  5 hydras
  5 centaur warriors
  The ghost of SkeletonJelly the Cruncher, a novice MiGl of Xom (Lair:1)
  2 tengu warriors (D:14)
  4 death yaks
  3 two-headed ogres
  An alligator (shapeshifter) (D:14)
  2 orc high priests (Orc:2)
  Sonja (Orc:2)
  A deep troll (D:14)
  4 unseen horrors
  A wizard (D:14)
  3 lindwurms (Lair:6)
  Pikel (D:4)
  A deep elf pyromancer (D:12)
  An oklob plant (Lair:2)
  5 orc knights
  3 manticores
  7 ugly things
  4 orc sorcerers
  A wolf spider zombie (D:13)
  5 cyclopes
  Maurice (Orc:2)
  7 elephants (Lair:6)
  5 black mambas
  5 torpor snails
  4 centaur skeletons
  A gargoyle (D:14)
  7 cane toads
  Maggie (D:9)
  An efreet (D:14)
  5 rime drakes
  A tengu conjurer (D:14)
  A yaktaur (shapeshifter) (D:14)
  3 komodo dragons
  7 trolls
  9 polar bears
  3 meliai (D:14)
  5 hornets
  2 tyrant leeches (Lair:6)
  9 blink frogs (Lair:6)
  3 slime creatures
  9 dream sheep (Lair:6)
  A centaur simulacrum (D:14)
  A vampire (D:13)
  The ghost of Stevanos the Conjurer, an amateur DECj (D:4)
  8 wyverns
  2 spriggans (Lair:1)
  2 shadows
  The ghost of gressup the Cudgeller, an amateur NaAK of Lugonu (D:3)
  2 fire elementals (Orc:1)
  43 yaks
  3 wraiths
  4 hogs
  5 basilisks
  6 vampire mosquitoes
  2 acid dragons
  A naga (Lair:4)
  4 hell hounds
  12 water moccasins
  4 black bears
  3 ice beasts
  7 sky beasts
  14 ogres
  24 orc warriors
  28 wolves
  4 centaurs
  A phantom (D:12)
  2 big kobolds
  16 bullfrogs
  2 wyvern skeletons
  6 scorpions
  20 killer bees
  3 electric eels (D:9)
  19 wights
  6 howler monkeys
  2 jellies (Lair:5)
  A quasit (D:13)
  2 centaur zombies
  5 hounds
  19 orc priests
  A bullfrog skeleton (D:10)
  5 iguanas
  Natasha (twice) (D:3)
  27 orc wizards
  14 worker ants
  2 hound skeletons
  A worker ant zombie (D:8)
  10 gnolls
  13 adders
  11 white imps
  An ufetubus (D:6)
  5 oozes
  2 adder skeletons
  An adder zombie (D:8)
  6 worms
  5 dart slugs
  11 leopard geckos
  71 orcs
  10 giant cockroaches
  6 goblins
  2 hobgoblins
  9 jackals
  18 kobolds
  4 quokkas
  A ball python (D:4)
  A ball python skeleton (D:4)
  5 bats
  4 frilled lizards
  2 quokka skeletons
  9 rats
706 creatures vanquished.

Vanquished Creatures (collateral kills)
  A death yak (IceCv)
  2 hornets
  2 spriggans (Lair:1)
  A yak (IceCv)
  An orc warrior (Orc:1)
  A wolf (IceCv)
  A killer bee (D:9)
  A wight (D:8)
  A jelly (D:9)
  2 orc priests (Orc:1)
  2 orc wizards (Orc:1)
  2 white imps (Orc:1)
  8 orcs
  A jackal (D:10)
  A kobold (D:10)
27 creatures vanquished.

Vanquished Creatures (others)
  A mana viper (Snake:1)
  A polar bear (IceCv)
  2 wolves (IceCv)
  An orc priest (Orc:2)
  2 orc wizards (Orc:1)
  2 orcs (Orc:1)
  25 fungi
  59 plants
93 creatures vanquished.

Grand Total: 826 creatures vanquished
